 Dungeon Crawl Stone Soup version 0.26-a0-854-gdc81c2f471 (webtiles) character file.

Game seed: 17933026364381342361

107 iamoutofideas the Firebug (level 4, 0/24 HPs)
             Began as a Deep Elf Fire Elementalist on Nov 23, 2020.
             Succumbed to an adder's poison
             ... on level 2 of the Dungeon.
             The game lasted 00:03:18 (3099 turns).

iamoutofideas the Firebug (DEFE)                    Turns: 3099, Time: 00:03:18

Health: 0/24       AC:  2    Str:  5    XL:     4   Next: 57%
Magic:  4/11       EV: 13    Int: 21    God:
Gold:   94         SH:  0    Dex: 15    Spells: 6/10 levels left

rFire    . . .     SeeInvis .   (no weapon)
rCold    . . .     Faith    .   (no shield)
rNeg     + . .     Spirit   .   a - +0 robe
rPois    .         Reflect  .   (no helmet)
rElec    .         Harm     .   (no cloak)
rCorr    .         Rampage  .   (no gloves)
MR       .....                  (no boots)
Stlth    ++........             (no amulet)
HPRegen  0.08/turn              c - ring of positive energy
MPRegen  0.12/turn              (no ring)

@: lethally poisoned (0 -> -9)
A: no striking features
a: no special abilities


You were on level 2 of the Dungeon.
You visited 1 branch of the dungeon, and saw 2 of its levels.

You collected 94 gold pieces.

Inventory:

Armour
 a - a +0 robe (worn)
Jewellery
 c - a ring of positive energy (left hand)
Scrolls
 e - a scroll of immolation {unknown}
 f - a scroll of magic mapping {unknown}
 g - a scroll of blinking
 h - a scroll of identify {unknown}
Potions
 b - a potion of invisibility


   Skills:
 + Level 2.7 Dodging
 + Level 2.9 Stealth
 + Level 3.8 Spellcasting
 + Level 2.7 Conjurations
 + Level 4.4 Fire Magic


You had 6 spell levels left.
You knew the following spells:

 Your Spells              Type           Power        Failure   Level
a - Foxfire               Conj/Fire      ###.         2%          1
b - Conjure Flame         Conj/Fire      ###.....     9%          3

Your spell library contained the following spells:

 Spells                   Type           Power        Failure   Level
 Inner Flame              Hex/Fire       ##......     14%         3
 Sticky Flame             Conj/Fire      ###.....     26%         4
 Fireball                 Conj/Fire      ###.......   58%         5


Dungeon Overview and Level Annotations

Branches:
Dungeon (2/15)

Altars:


Message History

You conjure some foxfire!
* * * LOW HITPOINT WARNING * * *
You feel sick.
The foxfire hits the goblin.
You kill the goblin!
The foxfire hits the adder.
You kill the adder!
There is a lethal amount of poison in your body!
Okay, then.
c - a ring of positive energy (left hand)
* * * LOW HITPOINT WARNING * * *
You feel sick.
You see here a +0 club.
* * * LOW HITPOINT WARNING * * *
You feel sick.
Your foxfire dissipates!
* * * LOW HITPOINT WARNING * * *
You feel sick.
* * * LOW HITPOINT WARNING * * *
You feel sick.
You die...

#.#.##.. ≈≈.. #.#.##..
#≈.## #.#.##.. #....
#.#.##.† ...# #.#.##..
...# #.# #.#..#.. #..#
#.# #.#.#... #..# #.#
#..###.# #@.# #.# #)##
##. #..# #.# #..###.# #
#..# #.# #...#...
#.#.#..# #.####.##.##.
#.#.#).###.#....#####.
#...)..†........# #.
.........#.#......# #.
#####......####.#.#####.
###.......# #.#..†....


There were no monsters in sight!

Vanquished Creatures
  4 adders (D:2)
  An ooze (D:2)
  2 worms (D:2)
  3 dart slugs
  2 leopard geckos
  9 bats
  2 giant cockroaches
  6 hobgoblins
  5 jackals
  5 kobolds
  2 quokkas (D:2)
  3 frilled lizards
  4 goblins
  2 rats (D:1)
50 creatures vanquished.

Vanquished Creatures (others)
  183 foxfires
183 creatures vanquished.

Grand Total: 233 creatures vanquished

Notes
Turn   | Place    | Note
-------+----------+-------------------------------------------
     0 | D:1      | iamoutofideas the Deep Elf Fire Elementalist began the
                  | quest for the Orb.
     0 | D:1      | Reached XP level 1. HP: 10/10 MP: 6/6
   408 | D:1      | Reached XP level 2. HP: 4/15 MP: 0/8
  1059 | D:1      | Reached skill level 4 in Fire Magic
  1444 | D:1      | Reached XP level 3. HP: 13/19 MP: 3/9
  1594 | D:2      | Learned a level 3 spell: Conjure Flame
  2361 | D:2      | Reached XP level 4. HP: 24/24 MP: 7/11
  2625 | D:2      | HP: 1/36 [poisoned by an adder]
  3098 | D:2      | HP: 1/24 [poisoned by an adder]
  3099 | D:2      | Succumbed to an adder's poison

Illustrated notes

Levels and vault maps discovered:
D:1:      minmay_arrival_doors, layout_basic
D:2:      layout_loops_ring, kennysheep_decorative_pillar, grunt_ministairs_6,
          grunt_decor_junction

Skill      XL: |  1  2  3 |
---------------+----------+-----
Fire Magic     | 4 |  4.4
Conjurations   | 2 |  2.7
Dodging        | |  2.7
Stealth        | |  2.9
Spellcasting   | |  3.8

Action                   |  1- 3 |  4- 6 || total
-------------------------+-------+-------++-------
Melee: Unarmed           |    11 |     1 ||    12
 Cast: Foxfire           |    98 |    35 ||   133
  Use: Scroll            |     5 |       ||     5
       Potion            |       |     3 ||     3
Armor: Robe              |    10 |       ||    10
Dodge: Dodged            |    53 |     9 ||    62

Table legend: (Time is in decaauts)
 A = Elapsed time spent in this place.
 B = Non-inter-level travel time spent in this place.
 C = Inter-level travel time spent in this place.
 D = Time resting spent in this place.
 E = Time spent auto-exploring this place.
 F = Levels seen in this place.
 G = Mean time per level.
                   A        B        C        D        E       F      G
               +--------+--------+--------+--------+--------+-----+--------+
         Total |   3099 |   3078 |     21 |   1126 |   1536 |   2 | 1549.5 |
       Dungeon |   3099 |   3078 |     21 |   1126 |   1536 |   2 | 1549.5 |
               +--------+--------+--------+--------+--------+-----+--------+

Top non-repeatable levels by time:
     D:1: 1653 daAuts
     D:2: 1445 daAuts
